 Dungeon Crawl Stone Soup version 0.31.0 (webtiles) character file.

Game seed: 486201288837540533

498 PaiMei the Grave Robber (level 6, -2/47 HPs)
             Began as a Demonspawn Necromancer on Jan 19, 2024.
             Killed from afar by an orc wizard (5 damage)
             ... with a magic dart
             ... on level 4 of the Dungeon.
             The game lasted 00:06:41 (5681 turns).

PaiMei the Grave Robber (Demonspawn Necromancer)    Turns: 5681, Time: 00:06:41

Health: -2/47      AC:  6    Str:  9    XL:     6   Next: 94%
Magic:  11/11      EV: 13    Int: 17    God:
Gold:   166        SH:  0    Dex: 13    Spells: 11/12 levels left

rFire   . . .        u - +2 quarterstaff (chaos)
rCold   . . .        (shield currently unavailable)
rNeg    . . .        a - +0 robe
rPois   .            (no helmet)
rElec   .            l - +2 cloak
rCorr   .            m - +0 pair of gloves
SInv    .            (no boots)
Will    .....        (no amulet)
Stlth   ++           (no ring)
HPRegen 0.27/turn    (no ring)
MPRegen 0.12/turn

%: no passive effects
@: no status effects
A: demonic magic 1, demonic touch 2
a: no special abilities


You were on level 4 of the Dungeon.
You visited 1 branch of the dungeon, and saw 4 of its levels.
You also visited: Sewer.

You collected 166 gold pieces.

Inventory:

Hand Weapons
 c - a +0 dagger
 u - a +2 quarterstaff of chaos (weapon)
Missiles
 j - 4 atropa-tipped darts (quivered)
Armour
 a - a +0 robe (worn)
 l - a +2 cloak (worn)
 m - a +0 pair of gloves (worn)
 n - a +0 troll leather armour {Pargi}
Scrolls
 e - a scroll of amnesia {unknown}
 h - 3 scrolls of identify {unknown}
 k - 2 scrolls of blinking {unknown}
 o - a scroll of acquirement {unknown}
 p - a scroll of enchant weapon {unknown}
 v - a scroll of immolation {unknown}
 w - a scroll of teleportation {unknown}
Potions
 b - a potion of magic
 d - a potion of mutation {unknown}
 f - 3 potions of might {unknown}
 g - 2 potions of curing {unknown}
 i - a potion of cancellation {unknown}
 q - 2 potions of experience {unknown}
 r - 2 potions of resistance {unknown}
 s - a potion of haste {unknown}
 t - a potion of brilliance {unknown}


   Skills:
 + Level 3.2 Fighting
 + Level 3.7 Dodging
 - Level 2.0 Stealth
 + Level 3.8 Spellcasting
 + Level 5.9 Necromancy


You had 11 spell levels left.
You knew the following spells:

 Your Spells              Type           Power      Damage    Failure   Level
a - Necrotise             Necr           92%        1d8       1%          1

Your spell library contained the following spells:

 Spells                   Type           Power      Damage    Failure   Level
 Vampiric Draining        Necr           23%        2d7       4%          3
 Animate Dead             Necr           23%        N/A       14%         4
 Curse of Agony           Necr           23%        N/A       36%         5
 Call Canine Familiar     Summ           3%         N/A       43%         3
 Sigil of Binding         Hex            3%         N/A       43%         3
 Dimensional Bullseye     Hex/Tloc       1%         N/A       85%         4


Dungeon Overview and Level Annotations

Branches:
Dungeon (4/15)             Temple (0/1) D:4           Sewer (visited)

Altars:

Shops:
D:1 [


Innate Abilities, Weirdness & Mutations

Spells you cast may paralyse adjacent enemies.
Your touch may inflict irresistible damage on your foes.


Message History

* * * LOW HITPOINT WARNING * * *
The orc priest calls upon Beogh to heal the orc.
The orc's wounds heal themselves!
Something hits you.
* * * LOW HITPOINT WARNING * * *
You hit something. Something hits you but does no damage.
You closely miss something.
The orc wizard casts a spell.
The orc wizard flickers and vanishes!
You hear some strange, mumbled words.
You are confused.
You bump into the rock wall.
Something hits you but does no damage.
The orc priest casts a cantrip, but nothing happens.
You bump into the rock wall.
You hear some strange, mumbled words.
Something tries to affect you, but you resist.
You bump into the rock wall.
Something hits you.
* * * LOW HITPOINT WARNING * * *
You miss something. Something hits you but does no damage.
You hear some strange, mumbled words.
A puff of flame appears from out of thin air!
The puff of flame hits something!
Reactivating autopickup.
You feel a bit more experienced.
You feel less confused.
You hear some strange, mumbled words.
A magic dart appears from out of thin air!
Deactivating autopickup; reactivate with Ctrl-A.
The magic dart hits you.
* * * LOW HITPOINT WARNING * * *
Items here: )) [ †.
You hit something.
Nothing appears to happen.
Something hits the orc.
You hit something. Something hits you.
* * * LOW HITPOINT WARNING * * *
Something hits you.
* * * LOW HITPOINT WARNING * * *
You hit something but do no damage.
Nothing appears to happen.
You hear some strange, mumbled words.
A magic dart appears from out of thin air!
The magic dart hits you.
You die...

#.......8....## ##.....
##....PP.......# ##.....
#..............### ###....##
#........P...#...### ##........
#..................###.......).
##........####...........)..###
###.....## #.............## #
#....## #.###'###....## ##...#
#@#.....#...)# #..##
#{#.⌠.⌠.#....## ## ##..#
##oo..>..'.....###. . ###...###
#.o#o⌠.⌠.#......)).
..#.......####..#.....#........#
#............>..###'###......###
##.......##.........#.......##
#.......####....~~≈~~......#
#....>...# ##..)~###~.....##


You could see an orc priest and 3 orcs.

Vanquished Creatures
  Pargi (Sewer)
  A brain worm (Sewer)
  A hound (D:4)
  An orc priest (D:4)
  Crazy Yiuf (D:3)
  2 iguanas (D:4)
  2 gnolls (D:4)
  5 adders
  2 ribbon worms (D:2)
  2 dart slugs
  8 orcs
  7 bats
  4 endoplasms
  8 giant cockroaches
  14 goblins
  9 hobgoblins
  4 jackals (D:4)
  8 quokkas
  9 ball pythons
  6 frilled lizards
  3 kobolds
  2 rats
100 creatures vanquished.

Vanquished Creatures (collateral kills)
  Robin (D:4)
  A bat (D:2)
  A ball python (D:3)
3 creatures vanquished.

Vanquished Creatures (others)
  An orc wizard (D:4)
1 creature vanquished.

Grand Total: 104 creatures vanquished

Notes
Turn   | Place    | Note
-------+----------+-------------------------------------------
     0 | D:1      | PaiMei the Demonspawn Necromancer began the quest for the
                  | Orb.
     0 | D:1      | Reached XP level 1. HP: 13/13 MP: 3/3
   482 | D:1      | Gained mutation: Your touch may inflict minor irresistible
                  | damage on your foes. [demonic ancestry]
   482 | D:1      | Reached XP level 2. HP: 19/19 MP: 1/5
   754 | D:1      | Found Giekhaot's Antique Armour Shop.
  1212 | D:2      | Reached XP level 3. HP: 25/25 MP: 1/6
  1392 | D:2      | Found a faded altar of an unknown god.
  1687 | D:3      | Reached skill level 1 in Fighting
  2106 | D:3      | Found a glowing drain.
  2144 | Sewer    | Entered a sewer
  2210 | Sewer    | Reached XP level 4. HP: 25/32 MP: 1/7
  2293 | Sewer    | Noticed Pargi
  2319 | Sewer    | Killed Pargi
  2320 | Sewer    | Reached skill level 5 in Necromancy
  2320 | Sewer    | Gained mutation: Your touch may inflict irresistible damage
                  | on your foes. [demonic ancestry]
  2320 | Sewer    | Reached XP level 5. HP: 9/38 MP: 1/9
  3142 | D:3      | Found a runed translucent door.
  3143 | D:3      | Noticed Crazy Yiuf
  3831 | D:3      | Killed Crazy Yiuf
  3832 | D:3      | Gained mutation: Spells you cast may paralyse adjacent
                  | enemies. [demonic ancestry]
  3832 | D:3      | Reached XP level 6. HP: 15/46 MP: 4/11
  4972 | D:4      | Found a staircase to the Ecumenical Temple.
  5381 | D:4      | Noticed Robin
  5466 | D:4      | Killed Robin
  5680 | D:4      | HP: 2/47 [something (3)]
  5681 | D:4      | Killed from afar by an orc wizard

Illustrated notes

Levels and vault maps discovered:
D:1:      dpeg_arrival_refuge, layout_basic, serial_shops, shop, serial_curves,
          eino_curves_03, eino_curves_04, eino_curves_03, eino_curves_01
D:2:      layout_rooms, ebering_ecumenical_altar_box
D:3:      layout_loops_ring, gup_sewer_entry_pipe,
          hangedman_abyss_or_decor_stabs, roderic_lattice_a, hex_tiny,
          uniq_crazy_yiuf_cottage
D:4:      lemuel_castle_with_subvaults [lemuel_castle_interior_original],
          layout_layer_cave, nicolae_uskayaw_murder_on_the_dancefloor,
          minmay_temple_entry_hall, dreamdust_mushroom_princess,
          minmay_crystal_water, uniq_robin, uniq_grinder

Skill      XL: |  1  2  3  4  5  6 |
---------------+-------------------+-----
Dodging        | 2 3 |  3.7
Stealth        | 2 |  2.0
Fighting       | 1 2 3 |  3.2
Spellcasting   | 3 |  3.8
Necromancy     | 5 |  5.9

Action                     |  1- 3 |  4- 6 || total
---------------------------+-------+-------++-------
  Melee: Dagger            |    33 |    16 ||    49
         Touch             |     6 |     2 ||     8
         Quarterstaff      |       |    25 ||    25
   Cast: Necrotise         |    78 |   133 ||   211
 Armour: Robe              |    37 |    97 ||   134
  Dodge: Dodged            |    59 |    75 ||   134
